 Dungeon Sprint DCSS version 0.29-a0-409-gd843f3a48c (webtiles) character file.

Game seed: 5760457438830871331

51 Necrotucker the Skirmisher (level 3, -1/46 HPs)
             Began as a Demonspawn Monk on May 14, 2022.
             Slain by a black bear (4 damage)
             ... in the Dungeon (Sprint IX: "|||||||||||||||||||||||||||||").
             The game lasted 00:01:30 (138 turns).

Necrotucker the Skirmisher (Demonspawn Monk)         Turns: 138, Time: 00:01:31

Health: -1/46      AC: -1    Str: 13    XL:     3   Next: 57%
Magic:  3/3        EV: 13    Int: 11    God:
Gold:   0          SH:  0    Dex: 15    Spells: 2/2 levels left

rFire   . . .      SeeInvis .   a - +0 short sword
rCold   . . .      Faith    .   (no shield)
rNeg    . . .      Spirit   .   b - +0 robe
rPois   .          Reflect  .   (no helmet)
rElec   .          Harm     .   (no cloak)
rCorr   .          Rampage  .   (no gloves)
Will    .....      NoTele   +   (no boots)
Stlth   ..........              (no amulet)
HPRegen 0.15/turn               (no ring)
MPRegen 0.16/turn               (no ring)

@: berserking (expiring), corroded, very quick
A: demonic guardian 1, magic regeneration
a: no special abilities


You were in the Dungeon.
You visited 1 branch

Inventory:

Hand Weapons
 a - a +0 short sword (weapon)
 j - a +2 dagger of pain
Armour
 b - a +0 robe (worn)
Scrolls
 i - a scroll of blinking
Potions
 c - a potion of ambrosia
 d - a potion of curing
 e - a potion of heal wounds
 f - a potion of haste
 g - 2 potions of magic


   Skills:
 + Level 4.6 Fighting
 + Level 4.3 Short Blades
 * Level 2.6 Armour
 + Level 4.2 Dodging
 - Level 1.7 Stealth


You had 2 spell levels left.
You didn't know any spells.
Your spell library was empty.

Dungeon Overview and Level Annotations

Branches:
Dungeon (1/1)

Altars:


Innate Abilities, Weirdness & Mutations

A weak demonic guardian rushes to your aid.
You regenerate magic rapidly.


Message History

You puncture the ufetubus!
You kill the ufetubus!
You puncture the adder!
The adder is heavily wounded.
The adder bites you.
You are poisoned.
The adder poisons you!
You completely miss the adder.
The adder is heavily wounded.
You feel sick. The adder barely misses you.
You puncture the adder!
You kill the adder!
You feel sick.
You barely miss the black bear. You hit the black bear.
The black bear is lightly wounded.
You feel sick. The black bear completely misses you.
The black bear claws you. x2
You hit the black bear.
The black bear is lightly wounded.
You feel sick.
You hit the black bear.
The black bear is heavily wounded.
The black bear bites you.
A demonic guardian appears!
The black bear barely misses you. The black bear claws you.
* * * LOW HITPOINT WARNING * * *
You puncture the black bear!
The black bear is severely wounded.
You feel sick. The black bear barely misses you. The black bear claws you.
* * * LOW HITPOINT WARNING * * *
The black bear barely misses you.
You closely miss the black bear.
The black bear is severely wounded.
You feel sick.
You are no longer poisoned.
You barely miss the black bear.
The black bear is severely wounded.
The black bear barely misses you. The black bear claws you.
* * * LOW HITPOINT WARNING * * *
The black bear claws you.
You die...

▓.▓
▓.▓
▓.▓
▓'▓
▓.▓
▓†▓
▓.▓
▓5▓
▓@▓
▓h▓
▓o▓
▓.▓
▓.▓
▓.▓
▓.▓
▓+▓


You could see a black bear (ally target), an orc and a friendly shadow imp
(summoned).

Vanquished Creatures
  A jelly (D)
  An adder (D)
  An ufetubus (D)
  An endoplasm (D)
  A giant cockroach (D)
  A goblin (D)
  2 frilled lizards (D)
8 creatures vanquished.

Notes
Turn   | Place    | Note
-------+----------+-------------------------------------------
     0 | D        | Necrotucker the Demonspawn Monk began the quest for the
                  | Orb.
     0 | D        | Reached XP level 1. HP: 18/18 MP: 1/1
    24 | D        | Reached skill level 1 in Armour
   122 | D        | Noticed a jelly
   122 | D        | Noticed a black bear
   126 | D        | Killed a jelly
   127 | D        | Gained mutation: A weak demonic guardian rushes to your
                  | aid. [demonic ancestry]
   127 | D        | Reached XP level 2. HP: 25/26 MP: 2/2
   127 | D        | Gained mutation: You regenerate magic rapidly. [demonic
                  | ancestry]
   127 | D        | Reached XP level 3. HP: 30/31 MP: 3/3
   138 | D        | Slain by a black bear

Illustrated notes

Levels and vault maps discovered:
D:        linesprint [early_d, line_temple, items_1, d_10, items_2, lair_1,
          lair_end, items_3, orc_1, orc_end, items_4, d_15, swamp_1, shoals_1,
          snake_1, spider_1, d_20, vaults_1, items_5, swamp_end, shoals_end,
          snake_end, spider_end, vaults_end, d_27, items_6, zot_1, zot_end,
          crypt_end, forest_end, elf_end, slime_end, tomb_end, abyss_end,
          pan_hell_end]

Skill      XL: |  1 |
---------------+----+-----
Short Blades   | 4 |  4.3
Dodging        | 4 |  4.2
Armour         | 2 |  2.6
Fighting       | 4 |  4.6
Stealth        | |  1.7

Action                   || total
-------------------------++-------
Melee: Short sword       ||    34
  Use: Potion            ||     1
 Stab: Sleeping          ||     1
Armor: Robe              ||     2
Dodge: Dodged            ||    17

Table legend: (Time is in decaauts)
 A = Elapsed time spent in this place.
 B = Non-inter-level travel time spent in this place.
 C = Inter-level travel time spent in this place.
 D = Time resting spent in this place.
 E = Time spent auto-exploring this place.
 F = Levels seen in this place.
 G = Mean time per level.
                   A        B        C        D        E       F      G
               +--------+--------+--------+--------+--------+-----+--------+
         Total |    131 |    131 |      0 |     90 |      0 |   1 |  131.0 |
       Dungeon |    131 |    131 |      0 |     90 |      0 |   1 |  131.0 |
               +--------+--------+--------+--------+--------+-----+--------+

Top non-repeatable levels by time:
       D: 131 daAuts
